 Dungeon Crawl Stone Soup version 0.29.1-2-gbd0b4ee654 (webtiles) character file.

Game seed: 9543676389720990976

37 KittyFluff the Trooper (level 3, 0/36 HPs)
             Began as a Gargoyle Berserker on Oct 28, 2022.
             Was a Believer of Trog.
             Slain by a gnoll
             ... wielding a +0 club
              (4 damage)
             ... on level 1 of the Dungeon.
             The game lasted 00:05:04 (1517 turns).

KittyFluff the Trooper (Gargoyle Berserker)         Turns: 1517, Time: 00:05:05

Health: 0/36       AC:  5    Str: 20    XL:     3   Next: 39%
Magic:  3/3        EV: 11    Int:  7    God:    Trog [**....]
Gold:   65         SH:  3    Dex: 11    Spells: 2/2 levels left

rFire   + . .      SeeInvis .   a - +0 mace
rCold   . . .      Faith    .   g - +0 buckler
rNeg    + . .      Spirit   .   b - +0 animal skin
rPois   ∞          Reflect  .   (no helmet)
rElec   +          Harm     .   (no cloak)
rCorr   .          Rampage  .   (no gloves)
Will    .....                   (no boots)
Stlth   ..........              (no amulet)
HPRegen 0.12/turn               j - ring of protection from fire
MPRegen 0.08/turn               (no ring)

@: berserking, very quick
A: sickness immunity, AC +3, negative energy resistance 1, electricity
resistance, torment resistance 1, petrification resistance
a: Renounce Religion, Berserk, Trog's Hand


You were on level 1 of the Dungeon.
You worshipped Trog.
Trog was pleased with you.
You visited 1 branch of the dungeon, and saw 2 of its levels.

You collected 65 gold pieces.

Inventory:

Hand Weapons
 a - a +0 mace (weapon)
Missiles
 i - 4 poisoned darts (quivered)
Armour
 b - a +0 animal skin (worn)
 g - a +0 buckler (worn)
Jewellery
 j - a ring of protection from fire (left hand)
Scrolls
 c - 2 scrolls of identify {unknown}
 d - a scroll of magic mapping {unknown}
 e - a scroll of teleportation {unknown}
 f - a scroll of fog {unknown}
 h - a scroll of blinking {unknown}
Potions
 k - a potion of mutation {unknown}


   Skills:
 + Level 3.7 Fighting
 + Level 3.5 Maces & Flails
 * Level 2.4 Armour
 + Level 2.0 Dodging
 + Level 0.1 Stealth


You had 2 spell levels left.
You didn't know any spells.
Your spell library was empty.

Dungeon Overview and Level Annotations

Branches:
Dungeon (2/15)

Altars:


Innate Abilities, Weirdness & Mutations

You are immune to sickness and miasma.
Your stone body is resilient. (AC +3)
You are immune to poison.
You resist negative energy. (rN+)
You are resistant to electric shocks. (rElec)
You are resistant to unholy torment.
You are immune to petrification.


Message History

The gnoll shouts! x2; You hear a shout!
Found an escape hatch in the ceiling.
Found a stone staircase leading up.
There is a stone staircase leading up here.
A gnoll comes into view. It is wielding a +0 club.
The gnoll hits you with a +0 halberd!
A kobold comes into view. It is wielding a +4 dagger.
The gnoll attacks as you move away! The gnoll barely misses you.
The gnoll closely misses you.
There is a stone staircase leading up here.
The gnoll barely misses you.
You climb upwards.
There is a stone staircase leading down here.
You start resting.
HP restored.
There is a stone staircase leading down here.
You climb downwards.
There is a stone staircase leading up here.
You see here a +0 club.
Found a silvery potion.
k - a silvery potion The gnoll shouts!
You hear a shout!
A kobold comes into view. It is wielding a +0 dagger.
There is a stone staircase leading up here.
The gnoll shouts!
The gnoll barely misses you. The gnoll hits you but does no damage.
The gnoll hits you from afar with a +0 halberd!
The kobold throws a stone.
The stone hits you but does no damage. The gnoll misses you.
The gnoll hits you with a +0 club.
You climb upwards.
There is a stone staircase leading down here.
You completely miss the gnoll. The gnoll misses you.
You hit the gnoll but do no damage. The gnoll hits you but does no damage.
You closely miss the gnoll. The gnoll hits you with a +0 club!
* * * LOW HITPOINT WARNING * * *
The gnoll closely misses you.
A red film seems to cover your vision as you go berserk!
You feel yourself moving faster!
You feel mighty! The gnoll hits you with a +0 club.
You die...

....##.###...........##
##..##.# #...###.#####
##..∩#.# #...###.##
.÷.).#.# #........#
######.###........# #
#.#............)#
#.######........#
###.######.......g#
.........#......@.#
.........######.###
†........#####..#
............##.##
.........##.##.#
###########.†..########
##.(........##
##............##
##########..............#


You could see a gnoll.

Vanquished Creatures
  2 dart slugs (D:2)
  7 ball pythons
  2 bats (D:1)
  An endoplasm (D:1)
  A giant cockroach (D:1)
  3 goblins
  3 hobgoblins (D:1)
  2 kobolds (D:1)
  4 frilled lizards (D:1)
  5 rats
30 creatures vanquished.

Notes
Turn   | Place    | Note
-------+----------+-------------------------------------------
     0 | D:1      | KittyFluff the Gargoyle Berserker began the quest for the
                  | Orb.
     0 | D:1      | Reached XP level 1. HP: 14/14 MP: 1/1
   249 | D:1      | Found a faded altar of an unknown god.
   261 | D:1      | Reached XP level 2. HP: 14/19 MP: 2/2
   750 | D:1      | Reached XP level 3. HP: 23/23 MP: 3/3
   870 | D:1      | You fall into a shaft and drop 1 floor!
  1030 | D:2      | Reached ** piety under Trog
  1517 | D:1      | Slain by a gnoll

Illustrated notes

Levels and vault maps discovered:
D:1:      amcnicky_arrival_abandoned_market, layout_rooms,
          shapermc_ecumenical_altar_starsandcircs, st_stairs_9, minmay_tall_x
D:2:      layout_rooms, serial_curves, eino_curves_02, eino_curves_02

Skill      XL: |  1 |
---------------+----+-----
Dodging        | 2 |  2.0
Fighting       | |  3.7
Maces & Flails | |  3.5
Armour         | |  2.4
Stealth        | |  0.1

Action                   || total
-------------------------++-------
Melee: Mace              ||    82
Invok: Berserk           ||     2
Armor: Animal skin       ||    39
Dodge: Dodged            ||    66
Block: Buckler           ||     1
